Map: [ESL] Goldenaura

Players

Kelazhur

  • Race: Terran Terran
  • Spawn Location: 5:00

trigger - Winner!

  • Race: Protoss Protoss
  • Spawn Location: 12:00

Event: ESL SC2 Masters 2023 Winter (Regional)

VOD

Have the link to the VOD?

Description

Time

  • Played on: Nov. 19, 2023, 1:30 p.m.
  • Length: 14:23

All games in this series

Show
View Real Time Build Order
Export as new Build Order

Kelazhur Terran 

Build Orders: Cyclone Opening, Reaper Expand 

Get SALT Encoding   

  12  0:00  SCV  
  13  0:12  SCV  
  14  0:17  Supply Depot  
  14  0:24  SCV  
  15  0:38  SCV  
  15  0:40  Barracks  
  16  0:43  Refinery  
  16  0:50  SCV  
  17  1:02  SCV  
  18  1:15  SCV  
  19  1:27  Orbital Command, Reaper  
  20  1:42  Command Center  
  20  1:48  Supply Depot  
  20  1:52  SCV  
  21  1:59  Marine  
  22  2:05  Factory  
  22  2:08  SCV  
  23  2:14  Bunker  
  23  2:20  SCV  
  23  2:21  Barracks Reactor  
  24  2:29  Refinery  
  24  2:32  SCV  
  25  2:44  SCV  
  25  2:48  Cyclone  
  25  2:50  Barracks  
  28  2:56  SCV  
  28  2:58  Marine x2  
  29  3:02  Orbital Command  
  31  3:08  SCV  
  32  3:16  Marine x2  
  34  3:20  Factory Tech Lab  
  34  3:21  SCV  
  35  3:30  SCV  
  35  3:34  SCV, Marine x2  
  36  3:37  Starport  
  36  3:41  Siege Tank  
  42  3:43  SCV  
  43  3:50  Barracks Tech Lab  
  43  3:51  Supply Depot  
  43  3:53  Marine x2  
  43  3:55  SCV  
  46  4:04  Refinery  
  46  4:09  SCV x2  
  46  4:12  Marine  
  46  4:14  Stimpack  
  46  4:16  Marine x2  
  49  4:21  SCV x2  
  49  4:22  Siege Tank  
  53  4:27  Supply Depot  
  53  4:30  Marine  
  54  4:33  SCV  
  54  4:34  Marine x2  
  54  4:36  SCV  
  58  4:41  Medivac  
  58  4:44  Supply Depot  
  60  4:45  SCV  
  60  4:48  Marine  
  60  4:51  SCV, Engineering Bay  
  63  4:56  Marine x2  
  63  4:57  SCV  
  66  5:02  Siege Tank  
  66  5:04  SCV  
  70  5:10  SCV  
  70  5:13  Supply Depot  
  70  5:16  SCV  
  70  5:17  Marine x2  
  70  5:20  Marauder  
  74  5:22  SCV  
  74  5:27  Supply Depot  
  74  5:28  SCV  
  74  5:34  SCV  
  74  5:41  SCV  
  74  5:42  Marauder, Marine x2  
  77  5:46  SCV  
  70  5:52  Siege Tank  
  70  5:53  SCV  
  70  5:54  Combat Shield  
  71  5:58  SCV  
  65  6:07  Command Center, Marauder, Marine  
  65  6:09  Marine  
  68  6:15  Barracks  
  68  6:17  Refinery  
  68  6:19  Starport Reactor  
  68  6:20  SCV x2  
  68  6:25  Terran Infantry Weapons Level 1  
  70  6:26  Marine x2  
  70  6:29  Marauder  
  70  6:30  Siege Tank  
  77  6:34  SCV, Supply Depot  
  77  6:35  SCV  
  79  6:45  Marine x2, Barracks x2  
  81  6:48  SCV x2  
  83  6:55  Medivac x2  
  83  6:58  Marauder  
  83  7:00  SCV x2  
  91  7:03  Marine x2  
  93  7:11  Factory Reactor  
  93  7:12  SCV x2  
  93  7:14  Missile Turret x2, Marauder  
  93  7:15  Supply Depot, Concussive Shells  
  97  7:20  Orbital Command  
  97  7:23  Marine  
  97  7:24  SCV, Marauder, Marine  
  97  7:28  Medivac  
  97  7:29  Medivac  
  106  7:38  Barracks Reactor, Barracks Tech Lab  
  106  7:39  Marauder  
  106  7:41  SCV x2  
  110  7:45  Orbital Command  
  110  7:46  Marine x2  
  110  7:47  Marauder  
  110  7:49  Widow Mine x2  
  118  7:53  SCV  
  118  7:56  Missile Turret  
  118  7:57  Missile Turret  
  121  7:58  Supply Depot, Marauder  
  121  8:00  SCV, Supply Depot  
  122  8:06  Marine  
  122  8:07  Marauder  
  125  8:15  Supply Depot  
  125  8:19  Terran Infantry Armor Level 1, Marine x4  
  125  8:20  SCV, Marauder  
  125  8:22  Viking  
  125  8:26  Viking  
  136  8:28  Refinery  
  136  8:31  Supply Depot  
  136  8:34  Marauder  
  138  8:37  Marine  
  138  8:38  Marauder  
  140  8:44  Marauder  
  140  8:47  Marine x3  
  142  8:52  Viking  
  142  8:55  Marauder, Marine  
  145  8:59  Supply Depot, Ghost Academy  
  145  9:01  Viking, Marauder  
  151  9:03  Widow Mine x2  
  151  9:06  Refinery  
  151  9:09  Supply Depot  
  153  9:10  Supply Depot  
  153  9:13  Marauder, Marine  
  153  9:15  Supply Depot  
  156  9:20  Armory  
  150  9:24  Marauder, Marine  
  150  9:28  Viking  
  152  9:31  Viking, Marine  
  152  9:32  Marauder  
  157  9:43  Marine  
  157  9:44  Ghost, Marine x2  
  157  9:45  Ghost  
  164  9:52  Marine  
  165  10:00  Ghost  
  165  10:03  Command Center  
  166  10:13  Marauder  
  161  10:14  Marauder  
  161  10:15  Marine  
  161  10:16  Viking x2, Marine  
  161  10:17  Marine x2  
  161  10:20  Terran Infantry Weapons Level 2  
  164  10:29  Marauder  
  164  10:34  Widow Mine, Marauder  
  164  10:35  Widow Mine  
  172  10:36  Command Center  
  172  10:41  Marauder  
  174  10:42  Marine  
  166  10:50  Marauder, Marine x3  
  166  10:56  Widow Mine, Marauder  
  154  11:00  Marine  
  154  11:01  Marine  
  154  11:02  Widow Mine  
  154  11:05  SCV x2  
  154  11:08  Marine x2  
  154  11:10  Marine  
  159  11:17  Widow Mine  
  165  11:19  Medivac  
  165  11:20  Medivac  
  169  11:27  Marine  
  169  11:28  Ghost  
  169  11:29  Ghost  
  169  11:30  Ghost  
  148  11:48  Marine x2  
  129  11:57  Ghost x2  
  129  11:58  Marine  
  129  12:04  Ghost  
  112  12:14  Widow Mine  
  112  12:15  Widow Mine  
  98  12:24  Orbital Command  
  98  12:25  Marine  
  98  12:26  Marine, Ghost  
  98  12:27  Marauder  
  73  12:32  Marine  
  73  12:33  Marauder  
  72  12:39  Marine  
  72  12:43  Marine  
  72  12:49  Marine  
  68  12:54  Marine  
  69  13:01  Marauder  
  69  13:06  Marine  
  69  13:10  Marauder  
  70  13:15  Marauder, Marine x2  
  70  13:18  Marine  
  75  13:22  Marauder  
  77  13:30  Marine  
  77  13:31  Marauder  
  80  13:34  Marine x2  
  80  13:37  Marauder, Marine  
  85  13:44  Marauder  
  85  13:48  Marine  
  88  13:52  Marauder, Marine x2  
  88  13:55  Marine  
  89  14:05  Marine  
Show
View Real Time Build Order
Export as new Build Order

trigger Protoss - Winner!

Build Orders: 1 Gate Expand, Blink Stalkers, Colossus Rush 

Get SALT Encoding   

  12  0:00  Probe  
  13  0:12  Probe  
  14  0:17  Pylon  
  14  0:24  Probe (Chrono Boost)  
  16  0:36  Gateway  
  16  0:37  Probe (Chrono Boost)  
  16  0:42  Probe (Chrono Boost)  
  16  0:45  Assimilator  
  17  0:52  Probe  
  18  1:04  Probe  
  19  1:16  Probe  
  20  1:23  Cybernetics Core  
  20  1:33  Nexus  
  20  1:36  Probe  
  21  1:45  Pylon  
  21  1:49  Assimilator  
  21  1:51  Probe  
  22  2:00  Warp Gate  
  22  2:01  Adept (Chrono Boost)  
  22  2:03  Probe (Chrono Boost)  
  25  2:15  Probe (Chrono Boost)  
  26  2:21  Probe (Chrono Boost)  
  27  2:24  Stalker  
  27  2:29  Probe  
  29  2:34  Twilight Council  
  30  2:42  Probe (Chrono Boost)  
  31  2:53  Probe (Chrono Boost)  
  31  2:54  Probe (Chrono Boost)  
  31  3:02  Probe (Chrono Boost)  
  31  3:03  Probe (Chrono Boost)  
  33  3:06  Gateway  
  33  3:11  Blink  
  35  3:13  Probe (Chrono Boost)  
  35  3:15  Probe (Chrono Boost)  
  35  3:21  Probe (Chrono Boost)  
  35  3:23  Probe (Chrono Boost)  
  35  3:24  Robotics Facility  
  37  3:27  Probe  
  37  3:34  Probe  
  39  3:39  Probe  
  40  3:47  Probe (Chrono Boost)  
  41  3:50  Nexus  
  41  3:53  Stalker  
  41  3:55  Probe (Chrono Boost)  
  44  3:59  Pylon  
  45  4:06  Probe (Chrono Boost)  
  45  4:07  Probe (Chrono Boost)  
  45  4:09  Pylon  
  46  4:14  Probe  
  46  4:16  Probe  
  46  4:18  Stalker  
  48  4:24  Observer (Chrono Boost)  
  48  4:26  Probe  
  48  4:28  Assimilator x2, Probe  
  51  4:32  Robotics Bay  
  51  4:39  Probe  
  51  4:40  Probe  
  51  4:44  Stalker x2  
  57  4:51  Shield Battery, Pylon  
  57  4:54  Probe (Chrono Boost)  
  57  4:56  Probe (Chrono Boost)  
  59  5:03  Gateway, Probe (Chrono Boost)  
  61  5:12  Gateway  
  61  5:13  Stalker  
  62  5:15  Stalker  
  62  5:17  Disruptor (Chrono Boost)  
  68  5:22  Probe  
  68  5:23  Probe  
  70  5:28  Charge  
  70  5:30  Probe  
  70  5:31  Gateway  
  69  5:38  Stalker x2  
  69  5:40  Probe  
  73  5:46  Probe (Chrono Boost)  
  73  5:47  Probe (Chrono Boost)  
  73  5:50  Colossus (Chrono Boost)  
  73  5:55  Probe (Chrono Boost)  
  80  5:58  Probe (Chrono Boost)  
  80  5:59  Probe (Chrono Boost)  
  81  6:07  Probe x3 (Chrono Boost)  
  81  6:08  Extended Thermal Lance  
  83  6:12  Forge  
  83  6:13  Pylon  
  83  6:14  Probe  
  83  6:17  Probe  
  85  6:19  Pylon  
  85  6:24  Gateway  
  85  6:25  Pylon  
  85  6:30  Assimilator  
  85  6:31  Probe, Pylon  
  86  6:33  Sentry x2, Observer (Chrono Boost), Zealot  
  86  6:37  Probe  
  94  6:40  Forge  
  94  6:42  Pylon  
  94  6:43  Zealot x2  
  94  6:45  Probe  
  99  6:49  Colossus (Chrono Boost)  
  105  6:55  Protoss Ground Weapons Level 1 (Chrono Boost)  
  105  7:05  Probe  
  105  7:06  Gateway  
  105  7:08  Nexus  
  106  7:11  Shield Battery  
  106  7:15  Photon Cannon, Probe  
  107  7:27  Zealot x3  
  113  7:30  Colossus (Chrono Boost)  
  113  7:33  Protoss Ground Armor Level 1 (Chrono Boost), Pylon  
  119  7:41  Probe  
  119  7:42  Probe x2  
  122  7:49  Gateway  
  121  7:54  Probe  
  121  7:56  Probe  
  121  7:57  Pylon  
  123  7:58  Stalker  
  123  7:59  Stalker  
  123  8:00  Zealot x3  
  123  8:05  Pylon  
  133  8:06  Pylon  
  133  8:07  Pylon  
  133  8:11  Robotics Facility  
  133  8:15  Probe x3  
  133  8:19  Observer (Chrono Boost)  
  137  8:20  Probe  
  137  8:23  Stalker x4  
  146  8:28  Probe x2  
  146  8:31  Warp Prism (Chrono Boost)  
  150  8:38  Zealot x2  
  148  8:51  Protoss Ground Weapons Level 2 (Chrono Boost)  
  148  9:01  Observer (Chrono Boost)  
  148  9:02  Gateway  
  149  9:04  Nexus  
  149  9:05  Assimilator, Gateway  
  149  9:06  Zealot x6  
  149  9:07  Gateway  
  165  9:13  Observer, Disruptor (Chrono Boost)  
  165  9:14  Pylon  
  165  9:19  Disruptor (Chrono Boost)  
  165  9:23  Probe  
  168  9:25  Protoss Ground Armor Level 2 (Chrono Boost)  
  168  9:33  Dark Shrine  
  168  9:34  Pylon  
  166  9:38  Probe  
  166  9:39  Probe  
  166  9:40  Probe  
  166  9:42  Disruptor  
  171  9:56  Zealot x9  
  189  10:01  Disruptor  
  191  10:10  Probe  
  186  10:18  Zealot x3  
  186  10:19  Zealot x8  
  194  10:23  Probe x3  
  197  10:48  Disruptor (Chrono Boost)  
  173  10:54  Colossus (Chrono Boost)  
  173  10:56  Zealot x11  
  171  10:57  Protoss Ground Weapons Level 3 (Chrono Boost)  
  175  11:14  Nexus  
  175  11:15  Disruptor (Chrono Boost)  
  173  11:25  Stalker x8  
  181  11:26  Stalker x3  
  181  11:32  Shadow Stride  
  195  11:37  Disruptor (Chrono Boost)  
  197  11:51  Pylon  
  197  11:53  Pylon  
  197  11:54  Pylon  
  178  12:06  Zealot x4  
  175  12:11  Zealot x8  
  175  12:13  Zealot x2  
  151  12:30  Observer  
  151  12:33  Probe  
  151  12:34  Probe  
  151  12:36  Probe x2, Disruptor  
  153  12:38  Pylon  
  153  12:41  Stalker x7, Pylon  
  159  12:48  Pylon  
  159  12:49  Nexus  
  145  12:56  Pylon  
  142  13:11  Zealot x8  
  142  13:12  Zealot  
  161  13:13  Observer (Chrono Boost)  
  157  13:23  Shield Battery  
  157  13:26  Photon Cannon  
  157  13:27  Colossus (Chrono Boost)  
  157  13:29  Probe  
  157  13:30  Probe x2  
  157  13:33  Colossus (Chrono Boost)  
  166  13:34  Zealot x10  
  166  13:36  Pylon  
  182  13:54  Zealot x4  
  188  13:56  Zealot x5  
Tags
 
Add a new tag
Caveats
  • Supply blocks, unpowered buildings, or Contaminate may cause inaccurate times.
  • Supply counts are checked every 10 seconds.